 Dungeon Crawl Stone Soup version 0.27-b1-16-g6517624069 (webtiles) character file.

Game seed: 851883364713612912

3731 sixthgate the Sneak (level 10, -2/76 HPs)
             Began as a Gnoll Wanderer on July 26, 2021.
             Was a Follower of Ashenzari.
             Slain by a two-headed ogre (19 damage)
             ... on level 8 of the Dungeon.
             The game lasted 00:16:58 (7510 turns).

sixthgate the Sneak (Gnoll Wanderer)                Turns: 7510, Time: 00:16:59

Health: -2/76      AC: 17    Str: 14    XL:     10   Next: 14%
Magic:  29/29      EV: 12    Int: 12    God:    Ashenzari [*.....]
Gold:   459        SH: 15    Dex: 12    Spells: 21/21 levels left

rFire    . . .     SeeInvis .   e - +3 rapier (protect)
rCold    . . .     Faith    .   d - +0 kite shield "Gnostic Frustration" {Elem, Fort} (curse)
rNeg     . . .     Spirit   .   s - +1 troll leather armour
rPois    .         Reflect  +   g - +0 helmet
rElec    .         Harm     .   a - scarf {+Inv}
rCorr    .         Rampage  .   h - +2 pair of gloves of Ashenzari's Augurer {Self, Alch} (curse)
Will     .....                  (no boots)
Stlth    +++.......             u - amulet of reflection
HPRegen  2.22/turn              k - ring of magical power
MPRegen  0.21/turn              (no ring)

@: under a protective aura
A: fangs 1, strong nose, distributed training, high mp 1, regeneration 1
a: Renounce Religion, Evoke Invisibility, Curse Item, Shatter the Chains


You were on level 8 of the Dungeon.
You worshipped Ashenzari.
Ashenzari was aware of your devotion.
You visited 2 branches of the dungeon, and saw 9 of its levels.
You also visited: Ossuary.

You collected 459 gold pieces.

Inventory:

Hand Weapons
 e - a +3 rapier of protection (weapon)
 f - a +0 spear
Missiles
 D - 2 atropa-tipped darts (quivered)
Armour
 a - a scarf of invisibility (worn)
 d - the cursed +0 kite shield "Gnostic Frustration" (worn) {Elem, Fort}

   It has a curse which improves the following skills: Elements: Fire Magic, Ice
   Magic, Air Magic and Earth Magic.
   Fortitude: Armour and Shields.
 g - a +0 helmet (worn)
 h - the cursed +2 pair of gloves of Ashenzari's Augurer (worn) {Self, Alch}
   (You found it on level 2 of the Dungeon)

   It has a curse which improves the following skills: Introspection: Fighting
   and Spellcasting.
   Alchemy:   Poison Magic and Transmutations.
 m - a +2 leather armour of poison resistance
 s - a +1 troll leather armour (worn)
Jewellery
 k - a ring of magical power (left hand)
 u - an amulet of reflection (around neck)
Wands
 j - a wand of polymorph (1)
 v - a wand of iceblast (4)
Scrolls
 b - a scroll of amnesia
 p - 3 scrolls of magic mapping
 q - 3 scrolls of teleportation
 y - a scroll of summoning
 z - 2 scrolls of fog
 A - 3 scrolls of blinking
 B - a scroll of silence
 F - 2 scrolls of enchant weapon
Potions
 c - a potion of haste
 i - 5 potions of heal wounds
 l - a potion of flight
 n - a potion of attraction
 r - 3 potions of lignification
 t - 3 potions of might
 w - a potion of curing
 x - 2 potions of magic
 C - a potion of berserk rage
 E - a potion of brilliance
 G - a potion of ambrosia


   Skills:
 + Level 5.0(6.0) Fighting
 + Level 5.0 Short Blades
 + Level 5.0 Long Blades
 + Level 5.0 Axes
 + Level 5.0 Maces & Flails
 + Level 6.8 Polearms
 + Level 5.0 Staves
 + Level 5.0 Slings
 + Level 5.0 Bows
 + Level 5.0 Crossbows
 + Level 5.0 Throwing
 + Level 5.0(6.0) Armour
 + Level 5.7 Dodging
 + Level 7.9 Stealth
 + Level 5.7(6.7) Shields
 + Level 5.0 Unarmed Combat
 + Level 5.0(6.0) Spellcasting
 + Level 4.1 Conjurations
 + Level 4.1 Hexes
 + Level 4.1 Summonings
 + Level 4.1 Necromancy
 + Level 4.1 Translocations
 + Level 4.7(5.6) Transmutations
 + Level 4.1(5.0) Fire Magic
 + Level 5.7(6.7) Ice Magic
 + Level 4.1(5.0) Air Magic
 + Level 4.1(5.0) Earth Magic
 + Level 4.1(5.0) Poison Magic
 + Level 5.5 Invocations
 + Level 5.0 Evocations


You had 21 spell levels left.
You didn't know any spells.
Your spell library contained the following spells:

 Spells                   Type           Power      Damage    Failure   Level
 Ensorcelled Hibernation  Hex/Ice        32%        N/A       11%         2
 Ignite Poison            Fire/Tmut/Pois 16%        N/A       22%         3
 Spider Form              Tmut/Pois      8%         N/A       22%         3
 Mephitic Cloud           Conj/Pois/Air  15%        N/A       26%         3
 Bolt of Magma            Conj/Fire/Erth 7%         4d6       94%         5
 Shadow Creatures         Summ           N/A        N/A       100%        6


Dungeon Overview and Level Annotations

Branches:
Dungeon (8/15)             Temple (1/1) D:4         Ossuary (visited)
   Lair: D:8-11

Altars:
Ashenzari
Cheibriados
Dithmenos
Hepliaklqana
Kikubaaqudgha
Makhleb
Nemelex Xobeh
Okawaru
Qazlal
Ru
Sif Muna
Trog
Uskayaw
Vehumet
Wu Jian
Xom
Yredelemnul
Zin
The Shining One

Annotations:
D:2 Natasha
D:4 1 runed translucent door, Crazy Yiuf


Innate Abilities, Weirdness & Mutations

You have very sharp teeth.
Your uncanny sense of smell can sniff out nearby items.
Your experience applies equally to all skills.
You have an increased reservoir of magic. (+10% MP)
Your natural rate of healing is unusually fast.


Message History

Throw: 3 darts (atropa)
Press: ? - help, Q - select action, (/) - cycle Shift-Dir - straight line, f/p - two-headed ogre
Aim: a two-headed ogre, wielding a +0 giant club and a +0 giant spiked club (moderately wounded, 77% to hit, chance to blind on hit: 35%)
You throw an atropa-tipped dart.
The atropa-tipped dart hits the two-headed ogre.
The two-headed ogre resists.
The two-headed ogre is moderately wounded.
The two-headed ogre hits you with a +0 giant club!
You block the two-headed ogre's attack.
You hit the two-headed ogre.
Your weapon exudes an aura of protection.
The two-headed ogre is moderately wounded.
The two-headed ogre is engulfed in a cloud of scalding steam.
The two-headed ogre closely misses you.
The two-headed ogre hits you with a +0 giant spiked club!
You closely miss the two-headed ogre.
The two-headed ogre is heavily wounded.
The steam dragon breathes steam at you.
The ball of steam hits you but does no damage.
You hear a loud, deep croak!
You puncture the two-headed ogre!
The two-headed ogre is severely wounded.
You are engulfed in a cloud of scalding steam.
You block the two-headed ogre's attack. x2
The steam dragon bites you but does no damage.
You block the steam dragon's attack.
You are engulfed in a cloud of scalding steam.
The two-headed ogre is engulfed in a cloud of scalding steam.
The two-headed ogre is engulfed in a cloud of scalding steam.
You hit the two-headed ogre.
Your weapon exudes an aura of protection.
The two-headed ogre is almost dead.
You block the two-headed ogre's attack.
The two-headed ogre hits you with a +0 giant spiked club!!
You hit the two-headed ogre.
The two-headed ogre is almost dead.
The two-headed ogre hits you with a +0 giant club!!
* * * LOW HITPOINT WARNING * * *
The two-headed ogre hits you with a +0 giant spiked club!!
You die...

...............#................#
...........................[....#
..............................###
.......)..^.......)...........##
....... #...........#..........#
......###.####........#......###
......##........D#.#..#......#
.......##......#O#......###..#
.......((.######@..##...######
......##.## #...........##.##
..........# #....#...........#
..............####...........#
.............. .............####
............§≈§ ≈≈§≈≈....##..##.#
#...........≈.. ......#.....##..#
........#.§.# ###§≈.#..........
...§...>........


You could see a two-headed ogre and a steam dragon.

Vanquished Creatures
  2 centaur zombies
  A troll (D:7)
  A steam dragon (D:7)
  An acid dragon (D:5)
  3 water moccasins
  2 sky beasts
  An ice beast (D:5)
  A black bear (D:7)
  An ogre (D:5)
  2 centaurs
  A phantom (D:6)
  4 kobold brigands
  3 scorpions
  2 bullfrogs
  4 water moccasin zombies (Ossuary)
  A water moccasin skeleton (D:4)
  9 wights
  A howler monkey (D:8)
  A jelly (D:3)
  A hound (D:5)
  An orc priest (D:5)
  A gnoll shaman (D:4)
  2 bullfrog skeletons (D:6)
  2 iguanas
  3 orc wizards
  A hound skeleton (D:4)
  2 mummies (Ossuary)
  Robin (Temple)
  12 gnolls
  2 adders
  A shadow imp (D:6)
  2 white imps (D:6)
  An ufetubus (D:7)
  5 adder zombies (Ossuary)
  3 worms
  20 orcs
  4 ball pythons
  5 endoplasms
  2 giant cockroaches
  4 gnoll zombies (Ossuary)
  11 goblins
  11 hobgoblins
  14 jackals
  21 kobolds
  4 quokkas
  2 bats
  11 frilled lizards
  5 hobgoblin zombies (Ossuary)
  5 kobold zombies (Ossuary)
  5 orc zombies (Ossuary)
  6 rats
211 creatures vanquished.

Vanquished Creatures (others)
  A kobold (D:6)
  8 plants (D:6)
9 creatures vanquished.

Grand Total: 220 creatures vanquished

Notes
Turn   | Place    | Note
-------+----------+-------------------------------------------
     0 | D:1      | sixthgate the Gnoll Wanderer began the quest for the Orb.
     0 | D:1      | sixthgate set off with the following items: a +0 club, 2
                  | potions of curing, a +0 robe, a +0 kite shield, a +0 dagger
     0 | D:1      | Reached XP level 1. HP: 13/13 MP: 1/1
    25 | D:1      | You fall into a shaft and drop 1 floor!
   465 | D:1      | Gained mutation: Your natural rate of healing is unusually
                  | fast. [potion of mutation]
   465 | D:1      | Gained mutation: You have an increased reservoir of magic.
                  | (+10% MP) [potion of mutation]
   596 | D:1      | Reached XP level 2. HP: 16/19 MP: 2/2
  1297 | D:2      | Reached XP level 3. HP: 25/25 MP: 4/4
  1319 | D:2      | Found an ancient bone altar of Kikubaaqudgha.
  1478 | D:2      | Found a faded altar of an unknown god.
  1487 | D:2      | Reached skill level 6 in Stealth
  1603 | D:2      | Noticed Natasha
  1713 | D:3      | Reached skill level 1 in Invocations
  2035 | D:3      | Found a bloodstained altar of Trog.
  2214 | D:3      | Reached skill level 1 in Fighting
  2214 | D:3      | Reached skill level 1 in Short Blades
  2214 | D:3      | Reached skill level 1 in Long Blades
  2214 | D:3      | Reached skill level 1 in Axes
  2214 | D:3      | Reached skill level 1 in Maces & Flails
  2214 | D:3      | Reached skill level 1 in Staves
  2214 | D:3      | Reached skill level 1 in Slings
  2214 | D:3      | Reached skill level 1 in Bows
  2214 | D:3      | Reached skill level 1 in Crossbows
  2214 | D:3      | Reached skill level 1 in Throwing
  2214 | D:3      | Reached skill level 1 in Armour
  2214 | D:3      | Reached skill level 1 in Unarmed Combat
  2214 | D:3      | Reached skill level 1 in Spellcasting
  2214 | D:3      | Reached skill level 1 in Evocations
  2388 | D:3      | Reached XP level 4. HP: 32/32 MP: 6/6
  2688 | D:4      | Found a staircase to the Ecumenical Temple.
  2736 | D:4      | Noticed a bullfrog
  2766 | D:4      | Reached skill level 1 in Conjurations
  2766 | D:4      | Reached skill level 1 in Hexes
  2766 | D:4      | Reached skill level 1 in Summonings
  2766 | D:4      | Reached skill level 1 in Necromancy
  2766 | D:4      | Reached skill level 1 in Translocations
  2766 | D:4      | Reached skill level 1 in Fire Magic
  2766 | D:4      | Reached skill level 1 in Air Magic
  2766 | D:4      | Reached skill level 1 in Earth Magic
  2766 | D:4      | Reached skill level 1 in Poison Magic
  2776 | D:4      | Reached XP level 5. HP: 37/37 MP: 7/7
  2790 | Temple   | Entered the Ecumenical Temple
  3028 | Temple   | Became a worshipper of Ashenzari the Shackled
  3073 | D:4      | Noticed Robin
  3164 | Temple   | Killed Robin
  3309 | Temple   | Reached XP level 6. HP: 44/44 MP: 9/9
  3482 | Temple   | HP: 1/44 [poisoned by a scorpion]
  3489 | Temple   | Reached skill level 5 in Polearms
  3804 | D:4      | Noticed Eustachio
  3879 | D:3      | Noticed Eustachio
  3879 | D:3      | Eustachio changed into Eustachio the centaur
  3927 | D:3      | HP: 2/44 [Eustachio the centaur (5)]
  3940 | D:3      | Noticed Eustachio
  3940 | D:3      | Eustachio the centaur changed into Eustachio the jelly
  3977 | D:3      | Killed Eustachio the jelly
  4084 | D:4      | Reached XP level 7. HP: 48/50 MP: 11/11
  4260 | D:4      | Found a runed translucent door.
  4261 | D:4      | Noticed Crazy Yiuf
  4407 | D:5      | Entered Level 5 of the Dungeon
  4474 | D:5      | Found a sand-covered staircase.
  4479 | Ossuary  | Entered an ossuary
  4595 | Ossuary  | Reached XP level 8. HP: 57/57 MP: 13/13
  5064 | D:5      | Reached skill level 7 in Stealth
  5560 | D:6      | Reached skill level 5 in Ice Magic
  5560 | D:6      | Reached XP level 9. HP: 66/66 MP: 17/17
  5560 | D:6      | Reached * piety under Ashenzari
  6084 | D:6      | Reached skill level 5 in Dodging
  6084 | D:6      | Reached skill level 5 in Shields
  6564 | D:7      | Reached skill level 5 in Invocations
  6980 | D:7      | Noticed a troll
  7108 | D:7      | Killed a troll
  7109 | D:7      | Reached XP level 10. HP: 42/76 MP: 20/20
  7396 | D:8      | Reached skill level 5 in Fighting
  7396 | D:8      | Reached skill level 5 in Short Blades
  7396 | D:8      | Reached skill level 5 in Long Blades
  7396 | D:8      | Reached skill level 5 in Axes
  7396 | D:8      | Reached skill level 5 in Maces & Flails
  7396 | D:8      | Reached skill level 5 in Staves
  7396 | D:8      | Reached skill level 5 in Slings
  7396 | D:8      | Reached skill level 5 in Bows
  7396 | D:8      | Reached skill level 5 in Crossbows
  7396 | D:8      | Reached skill level 5 in Throwing
  7396 | D:8      | Reached skill level 5 in Armour
  7396 | D:8      | Reached skill level 5 in Unarmed Combat
  7396 | D:8      | Reached skill level 5 in Spellcasting
  7396 | D:8      | Reached skill level 5 in Evocations
  7488 | D:8      | Noticed a two-headed ogre
  7510 | D:8      | Slain by a two-headed ogre

Illustrated notes

Levels and vault maps discovered:
D:1:      dpeg_arrival_arbitrary_a, layout_loops_ring,
          chequers_hall_statues_corner_a
D:2:      layout_basic, basic_altar, dreamdust_ecumenical_altar_statues,
          uniq_natasha
D:3:      layout_loops_corners, trog_three_pillars_becter, hex_medium,
          grunt_ministairs_8, minmay_randomly_rotated_circles
D:4:      layout_rooms, minmay_temple_entry_wispy, hangedman_decor_lopped,
          uniq_robin, uniq_eustachio, uniq_crazy_yiuf_cottage
D:5:      cheibrodos_thug_alley, layout_cave_pools,
          nicolae_ossuary_entry_false_entrances
D:6:      layout_loops_ring, small_statue_intersection, minmay_lizard_king
D:7:      layout_basic, minmay_puff
D:8:      layout_cave_pools, mainiacjoe_overflow_brackets,
          erik_lair_orcish_takeover, uniq_prince_ribbit1
Temple:   dpeg_five_rooms_temple

Skill      XL: |  1  2  3  4  5  6  7  8  9 10 |
---------------+-------------------------------+-----
Transmutations | 2 3 4 |  4.7
Stealth        | 6 7 |  7.9
Invocations    | 1 2 3 4 5 |  5.5
Fighting       | 1 2 4 5 |  5.0
Short Blades   | 1 2 4 5 |  5.0
Long Blades    | 1 2 4 5 |  5.0
Axes           | 1 2 4 5 |  5.0
Maces & Flails | 1 2 4 5 |  5.0
Staves         | 1 2 4 5 |  5.0
Slings         | 1 2 4 5 |  5.0
Bows           | 1 2 4 5 |  5.0
Crossbows      | 1 2 4 5 |  5.0
Throwing       | 1 2 4 5 |  5.0
Armour         | 1 2 4 5 |  5.0
Unarmed Combat | 1 2 4 5 |  5.0
Spellcasting   | 1 2 4 5 |  5.0
Evocations     | 1 2 4 5 |  5.0
Conjurations   | 1 2 3 4 |  4.1
Hexes          | 1 2 3 4 |  4.1
Summonings     | 1 2 3 4 |  4.1
Necromancy     | 1 2 3 4 |  4.1
Translocations | 1 2 3 4 |  4.1
Fire Magic     | 1 2 3 4 |  4.1
Air Magic      | 1 2 3 4 |  4.1
Earth Magic    | 1 2 3 4 |  4.1
Poison Magic   | 1 2 3 4 |  4.1
Dodging        | 3 4 5 |  5.7
Shields        | 3 4 5 |  5.7
Ice Magic      | 4 5 |  5.7
Polearms       | 5 6 |  6.8

Action                   |  1- 3 |  4- 6 |  7- 9 | 10-12 || total
-------------------------+-------+-------+-------+-------++-------
Melee: Club              |    54 |       |       |       ||    54
       Bite              |    14 |    35 |    44 |     2 ||    95
       Spear             |   171 |   295 |       |       ||   466
       Rapier            |       |    20 |   545 |    71 ||   636
       Unarmed           |       |     1 |       |       ||     1
Throw: Throwing net      |       |       |     4 |       ||     4
       Dart              |       |       |       |     2 ||     2
Invok: Curse Item        |       |       |     2 |       ||     2
Evoke: Wand              |       |     6 |     1 |       ||     7
  Use: Potion            |     3 |     3 |       |       ||     6
       Scroll            |     2 |     2 |     2 |     1 ||     7
 Stab: Sleeping          |    10 |     1 |    14 |     2 ||    27
Armor: Robe              |    34 |    60 |       |       ||    94
       Leather armour    |       |     2 |   298 |       ||   300
       Skin              |       |     1 |       |       ||     1
       Troll leather arm |       |       |       |    33 ||    33
Dodge: Dodged            |   105 |   163 |   269 |    44 ||   581
Block: Kite shield       |    78 |   174 |   475 |    76 ||   803
       Reflection        |       |       |     4 |     1 ||     5
